 Dungeon Crawl Stone Soup version 0.29.1-12-g30fa7ad0bf (webtiles) character file.

Game seed: 4626027144488603400

197 Radix the Chopper (level 6, -1/47 (49) HPs)
             Began as a Human Cinder Acolyte on Dec 18, 2022.
             Was a High Priest of Ignis.
             Slain by a gnoll sergeant
             ... wielding a +2 spear of venom
              (10 damage)
             ... on level 4 of the Dungeon.
             The game lasted 00:18:45 (4079 turns).

Radix the Chopper (Human Cinder Acolyte)            Turns: 4079, Time: 00:18:46

HP:   -1/47 (49)    AC:  6    Str: 23    XL:     6   Next: 5%
MP:   8/8           EV: 10    Int: 14    God:    Ignis [*****.]
Gold: 311           SH:  0    Dex:  8    Spells: 8/8 levels left

rFire   + . .      SeeInvis .   w - +0 battleaxe
rCold   . . .      Faith    .   (shield currently unavailable)
rNeg    . . .      Spirit   .   h - +0 ring mail
rPois   .          Reflect  .   (no helmet)
rElec   .          Harm     .   s - +0 cloak
rCorr   .          Rampage  .   (no gloves)
Will    .....                   (no boots)
Stlth   ..........              e - amulet of magic regeneration
HPRegen 0.15/turn               q - +6 ring of strength
MPRegen 0.51/turn               (no ring)

@: lethally poisoned (-1 -> -8), hasted, lightly drained, very quick
A: no striking features
a: Renounce Religion, Fiery Armour, Foxfire Swarm, Rising Flame


You were on level 4 of the Dungeon.
You worshipped Ignis.
Ignis was extremely pleased with you.
You visited 1 branch of the dungeon, and saw 4 of its levels.

You collected 311 gold pieces.

Inventory:

Hand Weapons
 a - a -1 hand axe of flaming
 j - a +1 sling of freezing
 r - a +1 war axe
 w - a +0 battleaxe (weapon)
Missiles
 u - 3 poisoned darts (quivered)
Armour
 b - a +0 robe
 h - a +0 ring mail (worn)
 k - a +0 leather armour
 s - a +0 cloak (worn)
Jewellery
 e - an amulet of magic regeneration (around neck)
 q - a +6 ring of strength (left hand)
Scrolls
 d - a scroll of enchant armour {unknown}
 f - 3 scrolls of enchant weapon
 m - 4 scrolls of immolation
 o - 2 scrolls of teleportation
 t - a scroll of identify
 x - 2 scrolls of noise {unknown}
Potions
 c - a potion of cancellation {unknown}
 i - a potion of haste
 l - a potion of flight {unknown}
 n - a potion of invisibility {unknown}
 p - 3 potions of degeneration
 v - a potion of ambrosia {unknown}


   Skills:
 + Level 4.6 Fighting
 + Level 4.7 Axes
 + Level 1.7 Spellcasting
 - Level 3.0 Fire Magic


You had 8 spell levels left.
You didn't know any spells.
Your spell library contained the following spells:

 Spells                   Type           Power      Damage    Failure   Level
 Scorch                   Fire           18%        2d5       17%         2
 Ensorcelled Hibernation  Hex/Ice        2%         N/A       52%         2
 Passwall                 Tmut/Erth      0%         N/A       52%         2
 Swiftness                Air            1%         N/A       75%         3


Dungeon Overview and Level Annotations

Branches:
Dungeon (4/15)
 Temple: D:4-7

Altars:
Fedhas
Hepliaklqana
Nemelex Xobeh
Sif Muna
Zin


Message History

You throw a poisoned dart.
The poisoned dart barely misses the gnoll sergeant.
Throw: 4 darts (poison)
Press: ? - help, Q - select action Shift-Dir - straight line, f/p - gnoll sergeant
Aim: a gnoll sergeant, wielding a +2 spear of venom and wearing a +0 scale mail (64% to hit)
You throw a poisoned dart.
The poisoned dart hits the gnoll sergeant.
The gnoll sergeant hits you from afar with a +2 spear of venom.
You are poisoned.
You feel very sick.
The gnoll sergeant hits you with a +2 spear of venom!
You slice the gnoll sergeant!!
The gnoll sergeant is severely wounded.
You feel very sick.
The gnoll sergeant hits you with a +2 spear of venom.
You feel sick.
The gnoll sergeant hits you from afar with a +2 spear of venom.
You are lethally poisoned!
* * * LOW HITPOINT WARNING * * *
You feel very sick.
It was a potion of heal wounds.
You feel much better.
You feel very sick.
The gnoll shouts!
The gnoll closely misses you.
The gnoll sergeant hits you from afar with a +2 spear of venom.
You are more poisoned.
The gnoll attacks as you move away! The gnoll misses you.
You feel very sick.
Unknown command.
You feel very sick.
* * * LOW HITPOINT WARNING * * *
You feel very sick.
The teleport trap disappears.
The gnoll disappears!
* * * LOW HITPOINT WARNING * * *
You feel very sick.
You feel yourself speed up.
* * * LOW HITPOINT WARNING * * *
You feel sick.
The gnoll sergeant hits you from afar with a +2 spear of venom!
You die...

....#.#.......# ###.
....#.########### #.
.#..........###.# ##
.#.##.#####.##†####
....#.# #.##..#.# ..###.#
#.##...#### ......#
#.##....#.# .######
#.###....## .# #.#
#.@.#.# .# #.# ##...##
.##########.####.g..#
.#..........##.#g#..#
.#.##.......###.#..###
............##.#..#..#
.#.##.......####g#..###
.#..........###(....#.#..
..###........((.8.8.....#


You could see a gnoll sergeant and a gnoll.

Vanquished Creatures
  A phantom (D:4)
  4 adders
  A gnoll (D:4)
  An ufetubus (D:4)
  6 dart slugs
  3 worms
  2 orcs (D:3)
  3 ball pythons
  3 bats
  4 endoplasms
  A giant cockroach (D:4)
  A goblin (D:2)
  5 hobgoblins
  4 jackals (D:1)
  7 kobolds
  3 quokkas
  2 frilled lizards
  8 rats
59 creatures vanquished.

Vanquished Creatures (others)
  11 plants (D:4)
11 creatures vanquished.

Grand Total: 70 creatures vanquished

Notes
Turn   | Place    | Note
-------+----------+-------------------------------------------
     0 | D:1      | Radix the Human Cinder Acolyte began the quest for the Orb.
     0 | D:1      | Reached XP level 1. HP: 18/18 MP: 2/2
   176 | D:1      | Reached XP level 2. HP: 22/24 MP: 3/3
   206 | D:1      | Found a faded altar of an unknown god.
   628 | D:2      | Reached XP level 3. HP: 29/29 MP: 4/4
   883 | D:2      | Found a hazy altar of Hepliaklqana.
  1521 | D:2      | Reached XP level 4. HP: 37/37 MP: 5/5
  1893 | D:3      | Found a sparkling altar of Nemelex Xobeh.
  2209 | D:3      | Found a blossoming altar of Fedhas.
  2385 | D:3      | Reached XP level 5. HP: 39/42 MP: 6/6
  2409 | D:3      | Found a glowing silver altar of Zin.
  2725 | D:3      | Found a shimmering blue altar of Sif Muna.
  3282 | D:4      | Noticed a phantom
  3301 | D:4      | Killed a phantom
  3500 | D:4      | Reached XP level 6. HP: 6/47 MP: 8/8
  3500 | D:4      | HP: 2/47 [gnoll/+0 halberd[a gnoll sergeant] (1)]
  4079 | D:4      | Slain by a gnoll sergeant

Illustrated notes

Levels and vault maps discovered:
D:1:      psy_arrival_dodecagon, layout_rooms, ebering_ecumenical_altar_mist,
          roderic_roman_lattice
D:2:      layout_loops_ring, basic_altar
D:3:      layout_basic, fedhas_altar_4, general_overflow_altar,
          mainiacjoe_overflow_tiny_flanked, zin_treasury
D:4:      wad_crossroads, layout_basic, nicolae_grassy_gnolls, uniq_natasha

Skill      XL: |  1  2  3  4 |
---------------+-------------+-----
Fighting       | 4 |  4.6
Axes           | 4 |  4.7
Spellcasting   | |  1.7
Fire Magic     | |  3.0

Action                   |  1- 3 |  4- 6 || total
-------------------------+-------+-------++-------
Melee: Hand axe          |    78 |    91 ||   169
       Punch             |     1 |       ||     1
       Battleaxe         |       |     8 ||     8
Throw: Dart              |       |     3 ||     3
Invok: Fiery Armour      |     1 |       ||     1
  Use: Scroll            |       |     8 ||     8
       Potion            |       |     3 ||     3
Armor: Robe              |     6 |       ||     6
       Ring mail         |    25 |    37 ||    62
Dodge: Dodged            |    41 |    60 ||   101
